Map: Dusty Gorge

Players

OpuS - Winner!

  • Race: Protoss Protoss
  • League: Platinum
  • Spawn Location: 11:00

Sketchaphone - Winner!

  • Race: Zerg Zerg
  • League: Platinum
  • Spawn Location: 9:00

kobe

  • Race: Protoss Protoss
  • League: Gold
  • Spawn Location: 3:00

Demacry

  • Race: Protoss Protoss
  • Spawn Location: 5:00

VOD

Have the link to the VOD?

Description

Time

  • Played on: Feb. 13, 2019, 7:08 p.m.
  • Length: 5:44
Show
View Real Time Build Order
Export as new Build Order

OpuS Protoss - Winner!

Build Orders:  

Get SALT Encoding   

  12  0:01  Probe  
  13  0:13  Probe  
  14  0:25  Pylon  
  14  0:28  Probe  
  15  0:43  Probe  
  16  0:50  Gateway  
  16  0:54  Probe  
  17  0:58  Assimilator  
  17  1:02  Probe  
  17  1:10  Probe  
  19  1:22  Probe  
  20  1:30  Pylon  
  20  1:49  Forge  
  20  1:51  Zealot  
  21  2:16  Probe  
  21  2:24  Photon Cannon, Probe  
  22  2:38  Pylon  
  22  2:53  Pylon  
  22  2:57  Gateway  
  22  2:58  Photon Cannon  
  21  3:05  Probe  
  22  3:13  Probe  
  23  3:21  Gateway  
  23  3:22  Gateway  
  23  3:30  Assimilator  
  23  3:36  Probe  
  24  3:45  Cybernetics Core  
  24  3:46  Probe  
  24  3:47  Pylon  
  24  3:54  Probe  
  25  3:59  Zealot  
  28  4:13  Zealot  
  30  4:28  Robotics Facility  
  30  4:33  Stalker  
  32  4:41  Stalker  
  34  4:59  Stalker  
  36  5:05  Immortal  
  36  5:10  Stalker  
  44  5:42  Pylon  
  44  5:44  Pylon  
Show
View Real Time Build Order
Export as new Build Order

Sketchaphone Zerg - Winner!

Build Orders: Hatch First 

Get SALT Encoding   

  12  0:01  Drone  
  13  0:14  Overlord  
  13  0:18  Drone  
  14  0:32  Drone x2  
  16  0:35  Drone  
  17  0:54  Hatchery  
  16  1:00  Drone  
  16  1:02  Drone, Extractor  
  17  1:25  Spawning Pool  
  16  1:26  Drone  
  17  1:33  Drone x2  
  19  1:42  Drone  
  20  1:53  Overlord  
  20  2:11  Overlord  
  20  2:12  Queen  
  20  2:13  Queen  
  20  2:14  Metabolic Boost  
  24  2:19  Zergling x2  
  24  2:22  Zergling x2  
  26  2:25  Zergling x2  
  27  2:36  Zergling x2  
  28  2:38  Zergling x4  
  28  2:40  Zergling x2  
  31  2:45  Zergling x2  
  32  2:51  Evolution Chamber  
  32  2:54  Overlord  
  32  2:57  Zergling x2  
  32  3:08  Zergling x4  
  34  3:18  Zergling x4  
  36  3:22  Zerg Melee Weapons Level 1  
  36  3:25  Drone  
  36  3:26  Zergling x6  
  40  3:32  Zergling x2  
  41  3:35  Zergling x2  
  41  3:46  Zergling x4  
  39  4:03  Zergling x14  
  39  4:08  Zergling x2  
  45  4:32  Zergling x8  
  45  4:35  Zergling x2  
  50  4:39  Zergling x4  
  50  4:41  Zergling x2  
  50  4:44  Zergling x2  
  48  5:01  Zergling x8  
  48  5:02  Overlord  
  48  5:07  Zergling x2  
  48  5:14  Zergling x4  
  51  5:15  Zergling x2  
  52  5:23  Zergling x4  
  52  5:24  Zergling x2  
  52  5:27  Hatchery  
Show
View Real Time Build Order
Export as new Build Order

kobe Protoss 

Build Orders: Double Forge 

Get SALT Encoding   

  12  0:02  Probe  
  13  0:14  Pylon  
  13  0:15  Probe  
  14  0:23  Probe  
  15  0:37  Forge  
  15  0:41  Probe  
  16  0:53  Probe  
  17  1:00  Gateway  
  17  1:13  Pylon  
  17  1:32  Photon Cannon  
  17  1:34  Photon Cannon  
  17  1:40  Pylon  
  17  1:46  Pylon  
  17  2:01  Photon Cannon  
  17  2:07  Photon Cannon  
  16  2:19  Probe  
  17  2:25  Assimilator  
  17  2:27  Probe  
  17  2:29  Assimilator  
  17  2:33  Cybernetics Core  
  17  2:37  Probe  
  19  2:49  Probe  
  20  3:01  Probe  
  20  3:03  Gateway  
  21  3:08  Photon Cannon  
  21  3:09  Pylon  
  21  3:13  Probe  
  21  3:18  Pylon  
  22  3:28  Photon Cannon  
  22  3:34  Shield Battery  
  22  3:43  Zealot  
  22  3:47  Shield Battery  
  23  4:08  Zealot  
  17  4:36  Forge  
  17  4:40  Zealot  
  17  4:41  Pylon  
  17  4:53  Zealot  
  15  5:00  Shield Battery  
  15  5:05  Zealot  
  15  5:06  Pylon  
  17  5:14  Shield Battery  
  19  5:15  Pylon  
Show
View Real Time Build Order
Export as new Build Order

Demacry Protoss 

Build Orders:  

Get SALT Encoding   

  12  0:01  Probe  
  13  0:13  Probe  
  14  0:19  Pylon  
  14  0:27  Probe  
  15  0:38  Forge  
  15  0:41  Probe  
  16  0:57  Pylon  
  16  1:00  Probe  
  17  1:12  Probe  
  17  1:17  Pylon  
  18  1:21  Pylon  
  18  1:24  Pylon  
  18  1:25  Probe  
  19  1:37  Pylon  
  19  1:41  Photon Cannon  
  18  2:04  Nexus  
  18  2:13  Assimilator  
  18  2:19  Gateway  
  18  2:26  Photon Cannon  
  18  2:29  Probe  
  19  2:35  Assimilator  
  19  2:56  Probe  
  20  3:07  Cybernetics Core  
  20  3:12  Pylon  
  20  3:13  Probe  
  20  3:17  Probe  
  22  3:21  Assimilator  
  22  3:25  Probe, Assimilator  
  23  3:27  Pylon  
  23  3:34  Photon Cannon  
  23  3:47  Photon Cannon  
  23  3:49  Shield Battery  
  23  3:51  Probe  
  24  4:03  Photon Cannon  
  24  4:06  Probe x2  
  26  4:14  Shield Battery  
  26  4:16  Pylon  
Tags
 
Add a new tag
Caveats
  • Supply blocks, unpowered buildings, or Contaminate may cause inaccurate times.
  • Supply counts are checked every 10 seconds.